 Dungeon Crawl Stone Soup version 0.30.0-29-ga12c61a403 (webtiles) character file.

Game seed: 14235844796302335173

4974 McKennaii the Summoner (level 10, -9/154 HPs)
             Began as a Demigod Summoner on June 8, 2023.
             Engulfed by a cloud of flame (13 damage)
             ... in a bailey.
             The game lasted 00:20:41 (8674 turns).

McKennaii the Summoner (Demigod Summoner)           Turns: 8674, Time: 00:20:42

Health: -9/154     AC: 25    Str:  7 (9)  XL:     10   Next: 8%
Magic:  1/25       EV:  2    Int: 21 (29) God:
Gold:   351        SH:  0    Dex: 13 (14) Spells: 9/23 levels left

rFire   + . .        J - +1 spear
rCold   + . .        (no shield)
rNeg    . . .        u - melded +3 leather armour "Osaameh" {Rampage rF+ Dex+2}
rPois   +            j - melded +2 hat
rElec   +            e - melded +0 cloak
rCorr   +            E - melded +1 Delatra's gloves {ID++}
SInv    .            z - melded +0 pair of boots
Will    +....        (no amulet) Stlth
                     I - ring of flight
HPRegen 0.45/turn    (no ring)
MPRegen 0.19/turn

%: no passive effects
@: berserking, tree-form, resistant, attractive, invisible, very quick
A: stationary, stasis, torment immunity, boosted hp, high MP 1, forlorn, divine
attributes, (talons 1), deterioration 1, wild magic 1
a: no special abilities


You were in a bailey.
You were a tree.
You visited 1 branch of the dungeon, and saw 9 of its levels.
You also visited: Bailey.

You collected 509 gold pieces.
You spent 158 gold pieces at shops.

Inventory:

Hand Weapons
 x - a +5 rapier
 J - a +1 spear (weapon)
Armour
 e - a +0 cloak (melded)
 j - a +2 hat (melded)
 u - the +3 leather armour "Osaameh" (melded) {Rampage rF+ Dex+2}
   (You found it on level 5 of the Dungeon)

   Dex:       It affects your dexterity (+2).
   rF:        It protects you from fire.
   Rampage:   It bestows one free step when moving towards enemies.
 z - a +0 pair of boots (melded)
 A - a +0 buckler
 E - the +1 Delatra's gloves (melded) {ID++}
   (You found it on level 6 of the Dungeon)

   ID++:      It heals its wearer when they drink unknown potions, and restores
   their MP when they read unknown scrolls.
Magical Staves
 G - a staff of cold
Jewellery
 I - a ring of flight (left branch)
Wands
 i - a wand of roots (12)
Scrolls
 a - a scroll of noise {unknown}
 c - a scroll of immolation
 d - 14 scrolls of identify {unknown}
 f - 4 scrolls of teleportation
 g - a scroll of poison {unknown}
 h - a scroll of vulnerability {unknown}
 k - 3 scrolls of fog {unknown}
 m - 6 scrolls of amnesia {unknown}
 t - 2 scrolls of enchant armour {unknown}
 w - a scroll of summoning {unknown}
 y - a scroll of silence {unknown}
 F - 4 scrolls of enchant weapon {unknown}
Potions
 b - 2 potions of magic
 l - 2 potions of mutation
 p - a potion of lignification
 q - 2 potions of might
 r - a potion of attraction
 s - a potion of curing
 C - a potion of resistance
 D - a potion of flight
 H - a potion of berserk rage


   Skills:
 - Level 4.0 Armour
 - Level 1.7 Dodging
 - Level 1.7 Stealth
 + Level 7.3 Spellcasting
 * Level 11.5 Summonings


You had 9 spell levels left.
You knew the following spells:

 Your Spells              Type           Power      Damage    Failure   Level
a - Summon Small Mammal   Summ           100%       N/A       1%          1
b - Call Imp              Summ           100%       N/A       1%          2
c - Call Canine Familiar  Summ           64%        N/A       1%          3
d - Animate Armour        Summ/Erth      82%        N/A       12%         4
e - Summon Lightning Spi  Summ/Air       41%        N/A       12%         4

Your spell library contained the following spells:

 Spells                   Type           Power      Damage    Failure   Level
 Summon Guardian Golem    Hex/Summ       41%        N/A       4%          3
 Slow                     Hex            36%        N/A       13%         1
 Sublimation of Blood     Necr           9%         N/A       19%         2
 Wereblood                Tmut           9%         N/A       19%         2
 Confusing Touch          Hex            9%         N/A       34%         3
 Gell's Gravitas          Tloc           9%         N/A       34%         3
 Hailstorm                Conj/Ice       9%         3d4       34%         3
 Ignite Poison            Fire/Tmut/Pois 9%         N/A       34%         3
 Ozocubu's Armour         Ice            9%         N/A       34%         3
 Stone Arrow              Conj/Erth      18%        3d8       34%         3
 Teleport Other           Tloc           9%         N/A       34%         3
 Vampiric Draining        Necr           9%         2d6       34%         3
 Summon Hydra             Summ           32%        N/A       63%         7
 Ice Form                 Ice/Tmut       9%         N/A       73%         4
 Sticky Flame             Conj/Fire      9%         2d3       73%         4
 Dispersal                Tloc           4%         N/A       100%        6
 Simulacrum               Ice/Necr       4%         N/A       100%        6
 Orb of Destruction       Conj           4%         9d5       100%        7
 Ozocubu's Refrigeration  Ice            4%         4d8       100%        7
 Spellforged Servitor     Conj/Summ      20%        N/A       100%        7
 Ignition                 Fire           4%         3d4       100%        8
 Lehudib's Crystal Spear  Conj/Erth      4%         10d3      100%        8


Dungeon Overview and Level Annotations

Branches:
Dungeon (9/15)             Temple (0/1) D:5          Bailey (1/1)
   Lair: D:8-11         Orc: D:9-12

Shops:
D:1 *   D:4 *   D:5 *   D:7 ?


Innate Abilities, Weirdness & Mutations

You are a tree.
Your roots penetrate the ground, keeping you stationary.
You cannot be teleported.
You are immune to unholy pain and torment.
Your maximum health is greatly increased.
Your equipment is partially melded.
You have an increased reservoir of magic. (+10% MP)
You shall have no god before yourself.
Your divine heritage dramatically boosts your attributes as you level up.
((You have sharp toenails.))
Your body sometimes deteriorates upon taking damage.
Your spells are a little harder to cast, but a little more powerful.


Message History

Unknown command.
Unknown command.
Okay, then.
As you read the scroll labelled TEPHID EFANT, it crumbles to dust.
The creatures around you are filled with an inner flame!
It was a scroll of immolation.
Your cerulean imp barely misses the orc warrior.
The orc knight hits you but does no damage.
The orc warrior barely misses you.
Unknown command.
Unknown command.
Unknown command.
Okay, then.
As you read the scroll labelled YGIGYD NAUHUR, it crumbles to dust.
You feel a strange sense of stasis.
It was a scroll of teleportation.
Your cerulean imp hits the orc warrior from afar with a +1 spear.
Flame seeps out of the orc warrior.
The orc knight hits you with a +0 war axe.
* * * LOW HITPOINT WARNING * * *
The orc warrior is engulfed in blazing flames.
The orc warrior explodes!
The fiery explosion engulfs the orc knight!!
The fiery explosion engulfs you!
* * * LOW HITPOINT WARNING * * *
The orc knight explodes!
The fiery explosion engulfs you but does no damage.
You hear a shout! x2
You feel your strength returning.
You feel your dexterity returning.
You have reached level 10!
It was a potion of resistance.
You feel protected. You resist.
* * * LOW HITPOINT WARNING * * *
You hear a shout!
It was a potion of flight.
Your roots keep you in place.
You resist.
Unknown command.
It was a potion of berserk rage.
A red film seems to cover your vision as you go berserk!
You feel yourself moving faster!
You feel mighty! You resist.
You die...

###.### ###.###
###.....### ###.....##
##.........###.........
#...........#.)........
#....[......[..........
#..[[.⌠[[...#.....⌠§...
#......[§...#..........
#.[[[§)§§...#..........
♣♣
###.[[§♣5§..###........)
.♣♣ ###.#'#.....###
###.....#'
..♣♣♣###.....###.###
###.###)
....##....))...### ###
.. ....#..........)# .o
....'...........# ..g
.∩..'.....⌠.....# ...
....'...........# 8...
....#...........#


You could see a friendly cerulean imp (summoned, inner flame).

Vanquished Creatures
  An orc knight (Bailey)
  A wyvern (D:7)
  3 orc warriors
  A wolf (D:8)
  A bullfrog (D:8)
  3 howler monkeys
  A hound (D:5)
  A gnoll bouda (D:7)
  An orc wizard (D:8)
  4 adders
  A shadow imp (D:6)
  A white imp (D:6)
  A dart slug (D:2)
  18 orcs
  5 goblins
  5 hobgoblins
  5 frilled lizards
  6 kobolds
  4 rats
63 creatures vanquished.

Vanquished Creatures (collateral kills)
  A sixfirhy (D:8)
  A wyvern (D:9)
  Grum (D:8)
  4 yaks (D:9)
  3 water moccasins
  4 orc warriors
  An ice beast (D:6)
  The ghost of Tyszek the Chopper, an amateur MiFi (D:4)
  A black bear (D:8)
  2 wolves (D:8)
  An ogre (D:5)
  A centaur (D:9)
  A phantom (D:5)
  8 killer bees
  2 howler monkeys
  2 orc priests
  A jelly (D:6)
  4 orc wizards
  2 sleepcaps
  6 gnolls
  5 adders
  A shadow imp (D:6)
  A white imp (D:7)
  2 worms
  A dart slug (D:1)
  31 orcs
  5 ball pythons
  2 bats
  A bat zombie (D:8)
  7 endoplasms
  2 giant cockroaches
  9 goblins
  8 hobgoblins
  4 kobolds
  2 quokkas (D:4)
  A frilled lizard (D:3)
  7 rats
  3 rat zombies (D:8)
139 creatures vanquished.

Grand Total: 202 creatures vanquished

Notes
Turn   | Place    | Note
-------+----------+-------------------------------------------
     0 | D:1      | McKennaii the Demigod Summoner began the quest for the Orb.
     0 | D:1      | Reached XP level 1. HP: 14/14 MP: 5/5
   259 | D:1      | Reached XP level 2. HP: 20/20 MP: 5/7
   294 | D:1      | Learned a level 2 spell: Call Imp
   313 | D:1      | Found Ajool's Assorted Antiques.
   340 | D:1      | Bought a scroll labelled YGIGYD NAUHUR for 18 gold pieces
   340 | D:1      | Bought a scroll labelled UNNOWA CITRE for 18 gold pieces
   497 | D:1      | Reached skill level 4 in Summonings
   904 | D:1      | Reached XP level 3. HP: 26/26 MP: 6/9
  2511 | D:2      | Reached XP level 4. HP: 24/33 MP: 7/10
  2621 | D:2      | Learned a level 3 spell: Call Canine Familiar
  3214 | D:3      | Reached skill level 5 in Summonings
  3493 | D:4      | Found a runed translucent gate.
  3500 | D:4      | Noticed Tyszek's ghost (amateur MiFi)
  3501 | D:4      | Found a runed translucent gate.
  3502 | D:4      | Found a runed translucent gate.
  3757 | D:4      | Reached XP level 5. HP: 30/38 MP: 7/12
  3917 | D:4      | Found Vabuq's Assorted Antiques.
  3922 | D:4      | Bought a scroll labelled PUOJERPH KOICSA for 25 gold pieces
  3922 | D:4      | Bought a murky golden potion for 22 gold pieces
  3922 | D:4      | Bought a scroll labelled YGIGYD NAUHUR for 25 gold pieces
  3922 | D:4      | Bought a scroll labelled TEPHID EFANT for 25 gold pieces
  3922 | D:4      | Bought a scroll labelled XEOMPU FUXYRGHU for 25 gold pieces
  4045 | D:4      | You fall into a shaft and drop 1 floor!
  4045 | D:5      | Entered Level 5 of the Dungeon
  4189 | D:5      | Identified the +3 leather armour "Osaameh" {Rampage rF+
                  | Dex+2}
  4244 | D:5      | Reached skill level 1 in Armour
  4253 | D:5      | Reached XP level 6. HP: 37/45 MP: 8/14
  4446 | D:5      | Reached skill level 6 in Summonings
  4496 | D:5      | Found a staircase to the Ecumenical Temple.
  4514 | D:5      | Found Titur's General Store.
  5180 | D:4      | Killed Tyszek's ghost
  5293 | D:4      | Reached XP level 7. HP: 40/50 MP: 6/16
  5765 | D:6      | Reached skill level 7 in Summonings
  5916 | D:6      | Found the +1 Delatra's gloves {ID++}
  6368 | D:7      | Noticed a wyvern
  6387 | D:7      | Killed a wyvern
  6388 | D:7      | Reached XP level 8. HP: 57/57 MP: 4/18
  6543 | D:7      | Found Vademp's Magic Scroll Emporium.
  6781 | D:7      | Reached skill level 8 in Summonings
  7091 | D:8      | Reached skill level 5 in Spellcasting
  7096 | D:8      | Learned a level 4 spell: Animate Armour
  7101 | D:8      | Learned a level 4 spell: Summon Lightning Spire
  7225 | D:8      | Noticed Grum
  7271 | D:8      | Killed Grum
  7272 | D:8      | Reached skill level 9 in Summonings
  7471 | D:8      | Found a runed translucent door.
  7473 | D:8      | Noticed a sixfirhy
  7949 | D:8      | Gained mutation: Your spells are a little harder to cast,
                  | but a little more powerful. [potion of mutation]
  7949 | D:8      | Gained mutation: Your body sometimes deteriorates upon
                  | taking damage. [potion of mutation]
  7949 | D:8      | Gained mutation: You have sharp toenails. [potion of
                  | mutation]
  7960 | D:8      | HP: 1/57 [sixfirhy (11)]
  7961 | D:8      | Killed a sixfirhy
  7962 | D:8      | Reached XP level 9. HP: 22/62 MP: 16/22
  8119 | D:9      | Reached skill level 10 in Summonings
  8352 | D:9      | Found a flagged portal.
  8361 | Bailey   | Entered a bailey
  8380 | Bailey   | Reached skill level 11 in Summonings
  8614 | Bailey   | Noticed an orc knight
  8671 | Bailey   | Killed an orc knight
  8672 | Bailey   | Reached XP level 10. HP: 9/69 MP: 1/25
  8672 | Bailey   | HP: 2/103 [something (7)]
  8674 | Bailey   | Engulfed by a cloud of flame

Illustrated notes

Levels and vault maps discovered:
D:1:      minmay_arrival_stair_chambers, layout_loops_corners, serial_shops,
          nicolae_diamond_shop, minivault_23, lexackson_kobold_supper
D:2:      layout_basic
D:3:      layout_rooms, zin_treasury, nicolae_dithmenos_the_darkroom
D:4:      layout_gridville, biasface_ghost_orc_armoury, serial_shops,
          nicolae_shop_rolling_square
D:5:      layout_cave_pools, mainiacjoe_overflow_surrounded_room,
          grunt_temple_overflow_open, minmay_temple_entry_stoned_glass,
          serial_park_tiny_2, nicolae_take_the_stairs
D:6:      layout_rooms, grunt_ministairs_6, nicolae_sextant,
          pf_guarded_unrand_delatra
D:7:      layout_cave_pools, serial_shops, shop, chequers_serial_rivers_micro_b
D:8:      cheibrodos_shockbox, layout_rooms, nicolae_overflow_crystal_walls,
          lemuel_zombie_altar_kikubaaqudgha, grunt_qazlal_clouds,
          serial_aquarium, aquarium_bridge_square [aquarium_subvault_bridge,
          aquarium_subvault_bridge, aquarium_subvault_bridge,
          aquarium_subvault_balcony], aquarium_window_2, aquarium_window_1,
          aquarium_window_1, aquarium_window_fake, aquarium_view_2d, uniq_grum
D:9:      layout_rooms, enter_bailey_6, minmay_misc_feat_more_columns
Bailey:   bailey_axe_minmay_hex_keep, bailey

Skill      XL: |  1  2  3  4  5  6  7  8  9 |
---------------+----------------------------+-----
Spellcasting   | 2 3 4 6 7 |  7.3
Summonings     | 4 5 6 7 9 11 | 11.5
Armour         | 1 2 3 4 |  4.0
Dodging        | |  1.7
Stealth        | |  1.7

Action                     |  1- 3 |  4- 6 |  7- 9 | 10-12 || total
---------------------------+-------+-------+-------+-------++-------
  Melee: Unarmed           |    20 |       |       |       ||    20
         Short sword       |    42 |    99 |    68 |       ||   209
         Punch             |       |     2 |     1 |       ||     3
         Spear             |       |       |    75 |       ||    75
   Cast: Summon Small Mamm |    29 |     4 |    17 |       ||    50
         Call Imp          |    20 |    16 |    31 |       ||    67
         Call Canine Famil |       |    32 |    43 |       ||    75
    Use: Potion            |       |       |     9 |     3 ||    12
         Scroll            |       |       |     2 |       ||     2
   Stab: Distracted        |     1 |     2 |     3 |       ||     6
         Sleeping          |       |     2 |       |       ||     2
 Armour: Robe              |    13 |     7 |       |       ||    20
         Leather armour    |       |    21 |    55 |       ||    76
         Skin              |       |       |     9 |     1 ||    10
  Dodge: Dodged            |    54 |    48 |    98 |       ||   200
